Unix NetHack Version 3.7.0-97 Work-in-progress - last build Feb 8 2024 15:05:57 (6d6cdf8371b60126770a3d7b88910941cb14a054,branch:master). Game began 2024-02-28 13:42:34, ended 2024-02-29 08:11:08. elenmirie, neutral female gnomish Archeologist --- --- --.-- --.---- |.*.| |.....-- |..---------.....---- ---- ---- |..........>...-....| #-# |..-- --.|.--- --- |-.----------.......| -#.-#####-- --...-- |......----..| ---..| -----.--- |......*..---.....| ............| |...-- |.--- -----..-##..#..|..|.--- ---- --..........- ---.--- |...------.....-- |.......---- |..-- |...........-- |...| --- --|......|...-...| -##.....#-- --- |...| |............| |...| --..---.--...-...--...-- -##...*.---..| --..| -..e@a.....- ---.| |....|..........----.-- #..........| ---.-- |..eaa....-- |.| -............[-- --- -#--.....--- |...| |---......| |.| ---..........-------- |.....| ---.|.| |.....|...| |.-- ---.....|.---.|...-- --.--..| |...|.-------.-----...- |..--- --...----|.......| ----..------ |.--|..--.....| ... |....| | -- --..-- --.....<.-- --..........---..|--.....---- |.- --...| |.... --...|--.........-- -|......----......| --...-- -- |...| -..!.....---...............|-----..|..------- --..| --.-- | --.0......--.------------ ---.%. ---- --- ------------- ---- Elenmirie the Field Worker St:9 Dx:10 Co:12 In:21 Wi:23 Ch:12 Neutral Dlvl:3 $:56 HP:0(31) Pw:39(39) AC:-2 Xp:5/170 T:2651 Burdened Latest messages: You kill the newt! The manes misses! The manes hits! The manes bites! You destroy the manes! You lash the floating eye. You are frozen by the floating eye's gaze! The giant ant just misses! The giant ant bites! The giant ant bites! The giant ant bites! The giant ant misses! The giant ant misses! The giant ant just misses! The giant ant misses! The giant ant bites! The giant ant bites! The giant ant misses! The giant ant bites! The giant ant misses! The giant ant bites! The giant ant misses! The giant ant misses! The giant ant bites! The giant ant bites! The giant ant bites! The giant ant bites! The giant ant misses! The giant ant bites! The giant ant bites! The giant ant bites! The giant ant bites! The giant ant bites! The giant ant misses! The giant ant misses! The giant ant bites! The giant ant bites! The giant ant bites! The giant ant bites! The giant ant bites! The giant ant just misses! The giant ant just misses! The giant ant bites! The giant ant bites! You die... Do you want your possessions identified? [ynq] (y) y Do you want to see your attributes? [ynq] (y) y Do you want an account of creatures vanquished? [ynaq] (y) y Do you want to see your conduct and achievements? [ynq] (y) y Do you want to see the dungeon overview? [ynq] (y) y Inventory: Coins $ - 56 gold pieces Weapons a - an uncursed +2 bullwhip (weapon in right hand) Armor r - an uncursed +5 helm of brilliance (being worn) p - an uncursed +0 pair of speed boots (being worn) o - an uncursed +0 elven shield (being worn) q - a blessed +1 elven cloak (being worn) b - an uncursed +0 leather jacket (being worn) Comestibles d - 2 uncursed food rations j - 2 uncursed fortune cookies v - an uncursed lembas wafer Tools w - an uncursed sack containing 14 items t - an uncursed tinning kit (0:51) Gems/Stones g - an uncursed touchstone Contents of the sack: an uncursed scroll of punishment an uncursed scroll of scare monster an uncursed spellbook of detect treasure an uncursed spellbook of light an uncursed potion of gain ability a cursed potion of gain level 2 uncursed potions of healing an uncursed potion of monster detection a blessed potion of polymorph an uncursed potion of restore ability an uncursed potion of sleeping an uncursed potion of water a potion of unholy water an uncursed +0 pick-axe Elenmirie the Archeologist's attributes: Background: You were a Field Worker, a level 5 female gnomish Archeologist. You were neutral, nominally on a mission for Camaxtli who was opposed by Quetzalcoatl (lawful) and Huhetotl (chaotic). You were right-handed. You were in the Gnomish Mines, on level 3. You entered the dungeon 2651 turns ago. You had 170 experience points, 150 more were needed to attain level 6. Basics: You had 0 out of 31 hit points. You had all 39 energy points (spell power). Your armor class was -2. Your wallet contained 56 zorkmids. Autopickup was on for '$' plus thrown. Final Characteristics: Your strength was 9 (limit:18/50). Your dexterity was 10 (limit:18). Your constitution was 12 (limit:18). Your intelligence was 21 (base:16, innate limit:19). Your wisdom was 23 (base:18, innate limit:18). Your charisma was 12 (limit:18). Final Status: You weren't hungry. You were burdened; movement was slightly slowed. You were wielding a whip. You had basic skill with whip and could have enhanced that. Final Attributes: You were piously aligned. You were telepathic. You had automatic searching. You had infravision. You were stealthy. You were warded. You were very fast. You are dead. Miscellaneous: You never encountered a bones level. Total elapsed playing time was 25 minutes and 58 seconds. Major events: Turn 1: elenmirie the neutral female gnomish Archeologist entered the dungeon 1212: attained the rank of Field Worker (level 3) 2387: entered the Gnomish Mines 2651: killed by a giant ant, while frozen by a floating eye's gaze Vanquished creatures: a bugbear a little dog 2 floating eyes a homunculus a rothe a giant bat 2 dwarf zombies 2 iguanas an acid blob 4 coyotes 3 gas spores a hobbit 2 manes a hobgoblin 2 giant rats a yellow mold a gnome zombie 2 geckos 7 jackals a goblin 2 sewer rats 2 grid bugs 3 lichens a kobold zombie 4 newts 49 creatures vanquished. No species were genocided or became extinct. Voluntary challenges: You were an atheist. You read items or engraved 2 times. You never engraved Elbereth. You never genocided any monsters. You never polymorphed an object. You never changed form. You used no wishes. Achievements: You entered a shop. You attained the rank of Field Worker. You entered the Gnomish Mines. The Dungeons of Doom: levels 1 to 4 Level 1: A sink. Level 2: A fountain. Stairs down to The Gnomish Mines. Level 3: Level 4: The Gnomish Mines: Level 3: <- You were here. Final resting place for you, killed by a giant ant, while frozen by a floating eye's gaze. Game over: ---------- / \ / REST \ / IN \ / PEACE \ / \ | elenmirie | | 56 Au | | killed by a | | giant ant | | | | | | 2024 | *| * * * | * _________)/\\_//(\/(/\)/\//\/|_)_______ Goodbye elenmirie the Archeologist... You died in The Gnomish Mines on dungeon level 3 with 881 points, and 56 pieces of gold, after 2651 moves. You were level 5 with a maximum of 31 hit points when you died.